 Dungeon Crawl Stone Soup version 0.30-a0-297-g0ec75d9 (webtiles) character file.

Game seed: 1307616209779187188

939 HDogLeCool the Slasher (level 7, -5/62 HPs)
             Began as a Pale Draconian Fighter on Oct 10, 2022.
             Slain by a gnoll sergeant
             ... wielding a +1 trident of distortion
              (15 damage)
             ... on level 6 of the Dungeon on Oct 17, 2022.
             The game lasted 00:12:30 (4865 turns).

HDogLeCool the Slasher (Pale Draconian Fighter)     Turns: 4865, Time: 00:12:31

Health: -5/62      AC:  8    Str: 21    XL:     7   Next: 87%
Magic:  7/7        EV: 12    Int:  8    God:
Gold:   330        SH:  5    Dex: 10    Spells: 6/6 levels left

rFire   . . .      SeeInvis .    a - +0 long sword
rCold   . . .      Faith    .    b - +0 buckler
rNeg    + . .      Spirit   .    (body armour unavailable)
rPois   +          Reflect  .    (helmet restricted)
rElec   .          Harm     .    (no cloak)
rCorr   .          Rampage  .    v - +1 pair of gloves
Will    .....                    (no boots)
Stlth   +.........               (no amulet)
HPRegen 0.30/turn                o - ring of poison resistance
MPRegen 0.10/turn                z - ring of positive energy

@: weakened, slowed, very slow
A: breathe steam, AC +6, unfitting armour, cold-blooded, steam resistance
a: Breathe Steam


You were on level 6 of the Dungeon.
You visited 1 branch of the dungeon, and saw 6 of its levels.

You collected 330 gold pieces.

Inventory:

Hand Weapons
 a - a +0 long sword (weapon)
 m - a +0 dagger
 n - a +0 sling
 y - a +0 vampiric dagger
Missiles
 i - 29 stones (quivered)
 k - 6 poisoned darts
Armour
 b - a +0 buckler (worn)
 v - a +1 pair of gloves (worn)
Jewellery
 o - a ring of poison resistance (left hand)
 z - a ring of positive energy (right hand)
Wands
 u - a wand of flame (19)
 x - a wand of paralysis (6)
Scrolls
 e - 2 scrolls of magic mapping
 j - 3 scrolls of fog
 p - a scroll of torment
 q - a scroll of identify
 r - 2 scrolls of blinking
Potions
 c - a potion of might
 d - a potion of curing
 f - a potion of attraction {unknown}
 g - 2 potions of lignification
 h - 2 potions of brilliance
 l - a potion of heal wounds
 s - a potion of ambrosia {unknown}
 t - a potion of haste
 w - a potion of invisibility


   Skills:
 + Level 5.9 Fighting
 * Level 6.5 Long Blades
 - Level 2.6 Dodging
 + Level 5.5 Shields


You had 6 spell levels left.
You didn't know any spells.
Your spell library was empty.

Dungeon Overview and Level Annotations

Branches:
Dungeon (6/15)
 Temple: D:4-7

Altars:
Kikubaaqudgha
Nemelex Xobeh
Qazlal
Sif Muna

Shops:
D:4 (   D:5 *


Innate Abilities, Weirdness & Mutations

You can breathe blasts of scalding, opaque steam.
Your pale cyan-grey scales are hard. (AC +6)
You cannot fit into any form of body armour.
You are cold-blooded and may be slowed by cold attacks.
You are immune to the effects of steam.


Message History

The gnoll attacks as you move away! The gnoll hits you with a +0 flail!
You feel sick.
The gnoll is engulfed in a cloud of scalding steam.
The gnoll closely misses you.
You hit the gnoll.
You kill the gnoll!
You feel sick.
The gnoll hits you from afar with a +0 halberd!
Unknown command.
You feel sick. You block the gnoll sergeant's attack.
You feel sick.
You are no longer poisoned.
The gnoll closely misses you.
The gnoll bouda gazes fiercely through you!
You feel your attacks grow feeble.
An ice beast comes into view.
The gnoll bouda barks out a call to the hunt!
The gnoll sergeant picks up the pace!
The gnoll bouda gazes fiercely through you!
You feel as though you will be weak longer.
A gnoll comes into view. It is wielding a +0 spear.
The gnoll shouts!
A gnoll comes into view. It is wielding a +0 whip.
The gnoll shouts!
A gnoll bouda comes into view. It is wielding a +0 whip.
A gnoll comes into view. It is wielding a +0 flail.
The gnoll shouts!
The ice beast hits you. The ice beast freezes you.
You feel yourself slow down.
* * * LOW HITPOINT WARNING * * *
The gnoll sergeant hits you from afar with a +1 trident of distortion.
* * * LOW HITPOINT WARNING * * *
The gnoll bouda barks out a call to the hunt!
The gnolls pick up the pace!
The gnoll hits you from afar with a +0 spear.
* * * LOW HITPOINT WARNING * * *
A gnoll comes into view. It is wielding a +0 spear.
The gnoll bouda utters an invocation to its god.
The gnoll bouda is healed somewhat.
The gnoll sergeant hits you from afar with a +1 trident of distortion!
You die...

...#.. #g.#.##
#.g... #....#
.g..# ####.g.#
#...g..# #.@Y.# #.
#.#..# . .##
...#g## .#...
...###.# ....#
###. #.# .##.#.# .
#.# .##.#.# # #.#
. .##.#.#
#######g# ...
.##.#.#
#....##.#####..PP.


You could see an ice beast, a gnoll sergeant (swift), 2 gnoll boudas and 4
gnolls.

Vanquished Creatures
  An ogre (D:5)
  A phantom (D:4)
  4 scorpions
  A necrophage (D:5)
  A hound (D:5)
  A jelly (D:6)
  An orc priest (D:4)
  An iguana (D:6)
  Ijyb (D:3)
  2 orc wizards (D:4)
  Natasha (thrice) (D:3 D:2)
  6 gnolls
  8 adders
  A shadow imp (D:5)
  A white imp (D:5)
  2 ufetubi (D:5)
  3 worms
  4 orcs
  6 ball pythons
  3 bats
  5 endoplasms
  2 giant cockroaches
  3 goblins
  4 hobgoblins
  3 jackals (D:3)
  9 kobolds
  A quokka (D:3)
  4 frilled lizards
  2 rats (D:1)
84 creatures vanquished.

Vanquished Creatures (others)
  4 plants (D:6)
4 creatures vanquished.

Grand Total: 88 creatures vanquished

Notes
Turn   | Place    | Note
-------+----------+-------------------------------------------
     0 | D:1      | HDogLeCool the Draconian Fighter began the quest for the
                  | Orb.
     0 | D:1      | Reached XP level 1. HP: 19/19 MP: 1/1
   158 | D:1      | Reached XP level 2. HP: 26/26 MP: 2/2
   867 | D:2      | Reached XP level 3. HP: 33/33 MP: 3/3
  1407 | D:3      | Reached skill level 3 in Long Blades
  1502 | D:3      | Noticed Natasha
  1510 | D:3      | Killed Natasha
  1511 | D:3      | Reached XP level 4. HP: 27/40 MP: 4/4
  1578 | D:3      | Noticed Ijyb
  1579 | D:3      | Paralysed by Ijyb for 4 turns
  1589 | D:3      | Killed Ijyb
  1669 | D:3      | Noticed Natasha
  1684 | D:3      | Killed Natasha
  1688 | D:3      | Noticed Natasha
  1731 | D:2      | Killed Natasha
  1732 | D:2      | Reached XP level 5. HP: 15/46 MP: 5/5
  2151 | D:4      | Noticed a phantom
  2152 | D:4      | Reached skill level 4 in Long Blades
  2452 | D:4      | Reached XP level 6. HP: 52/53 MP: 6/6
  2561 | D:4      | Upgraded the game from 0.30-a0-241-g1121274 to
                  | 0.30-a0-269-gf0224bf
  2737 | D:4      | Reached skill level 5 in Long Blades
  2764 | D:4      | Found Siqe Lazimi's Antique Weapon Boutique.
  2773 | D:4      | Found a stormy altar of Qazlal.
  2776 | D:4      | Noticed an air elemental
  2777 | D:4      | Noticed a fire elemental
  2777 | D:4      | Noticed a water elemental
  3085 | D:5      | Entered Level 5 of the Dungeon
  3119 | D:5      | Reached skill level 5 in Fighting
  3780 | D:5      | Your scales start taking on a pale cyan-grey colour.
  3780 | D:5      | Reached XP level 7. HP: 53/61 MP: 7/7
  3780 | D:5      | Gained mutation: You are immune to the effects of steam.
                  | [Pale Draconian growth]
  3828 | D:5      | Found Inywnoj's Elemental Accessories.
  3943 | D:5      | Reached skill level 5 in Shields
  4226 | D:5      | Found an ancient bone altar of Kikubaaqudgha.
  4226 | D:5      | Found a shimmering blue altar of Sif Muna.
  4349 | D:5      | Reached skill level 6 in Long Blades
  4352 | D:5      | Found a sparkling altar of Nemelex Xobeh.
  4803 | D:6      | Upgraded the game from 0.30-a0-269-gf0224bf to
                  | 0.30-a0-297-g0ec75d9
  4865 | D:6      | Slain by a gnoll sergeant

Illustrated notes

Levels and vault maps discovered:
D:1:      dpeg_arrival_tiny_f, layout_rooms
D:2:      layout_loops_cross, amcnicky_mini_pool_small
D:3:      layout_rooms, serial_rivers, chequers_serial_rivers_micro_c,
          chequers_serial_rivers_micro_e, chequers_serial_rivers_room_b,
          chequers_serial_rivers_micro_b, chequers_serial_rivers_micro_c,
          chequers_serial_rivers_micro_a, hangedman_decor_points, uniq_ijyb,
          uniq_natasha
D:4:      layout_loops_ring, nicolae_qazlal_style_of_elements, serial_shops,
          nicolae_take_the_stairs
D:5:      layout_basic, nemelex_dance_club_becter,
          mainiacjoe_overflow_divided_tiny, nicolae_elemental_shop,
          corexii_item_surrounded_by_moat, nicolae_underground_beach
D:6:      layout_basic, nicolae_grassy_gnolls

Skill      XL: |  1  2  3  4  5  6  7 |
---------------+----------------------+-----
Long Blades    | 3 4 5 6 |  6.5
Fighting       | 4 5 |  5.9
Shields        | 4 5 |  5.5
Dodging        | |  2.6

Action                   |  1- 3 |  4- 6 |  7- 9 || total
-------------------------+-------+-------+-------++-------
Melee: Long sword        |   126 |   196 |    85 ||   407
       Tailslap          |    18 |    19 |    11 ||    48
 Abil: Breathe Steam     |       |       |     3 ||     3
  Use: Potion            |       |     1 |       ||     1
       Scroll            |       |    11 |       ||    11
Armor: Skin              |    26 |    85 |    30 ||   141
Dodge: Dodged            |    67 |   111 |    48 ||   226
Block: Buckler           |    30 |    43 |    21 ||    94

Table legend: (Time is in decaauts)
 A = Elapsed time spent in this place.
 B = Non-inter-level travel time spent in this place.
 C = Inter-level travel time spent in this place.
 D = Time resting spent in this place.
 E = Time spent auto-exploring this place.
 F = Levels seen in this place.
 G = Mean time per level.
                   A        B        C        D        E       F      G
               +--------+--------+--------+--------+--------+-----+--------+
         Total |   5006 |   4674 |    332 |    772 |   2812 |   6 |  834.3 |
       Dungeon |   5006 |   4674 |    332 |    772 |   2812 |   6 |  834.3 |
               +--------+--------+--------+--------+--------+-----+--------+

Top non-repeatable levels by time:
     D:5: 1589 daAuts
     D:4: 1101 daAuts
     D:2: 812 daAuts
     D:3: 716 daAuts
     D:1: 585 daAuts
     D:6: 202 daAuts
